 Dungeon Crawl Stone Soup version 0.22-b1-21-g5cfc168 (webtiles) character file.

3016 tyranidshit the Schismatic (level 9, 0/74 HPs)
             Began as a Demonspawn Abyssal Knight on Aug 2, 2018.
             Was an Elder of Lugonu.
             Slain by a wight
             ... wielding a +3 halberd
              (3 damage)
             ... on level 7 of the Dungeon.
             The game lasted 00:15:05 (5887 turns).

tyranidshit the Schismatic (DsAK)                   Turns: 5887, Time: 00:15:06

Health: 0/74       AC: 15    Str: 17    XL:     9   Next: 55%
Magic:  15/15      EV:  9    Int: 15    God:    Lugonu [****..]
Gold:   134        SH:  0    Dex: 15    Spells: 8/8 levels left

rFire    + . .     SeeInvis .   g - +1 hand axe (elec)
rCold    . . .     Gourm    .   (no shield)
rNeg     . . .     Faith    .   o - +0 chain mail
rPois    .         Spirit   .   (no helmet)
rElec    .         Reflect  .   d - +2 cloak
rCorr    .         Harm     .   q - +1 pair of gloves {Dex+3}
MR       .....                  (no boots)
Stlth    ..........             (no amulet)
HPRegen  0.22/turn              (no ring)
MPRegen  0.14/turn              (no ring)

@: drained
A: hooves 1, demonic guardian 1, deterioration 1, fire resistance 1, mutation
resistance 1, strong 1, sturdy frame 2
a: Depart the Abyss, Bend Space, Banish, Corrupt, Renounce Religion


You were on level 7 of the Dungeon.
You worshipped Lugonu.
Lugonu was greatly pleased with you.
You were not hungry.

You visited 1 branch of the dungeon, and saw 7 of its levels.
You visited the Abyss 1 time.

You collected 224 gold pieces.
You spent 90 gold pieces at shops.

Inventory:

Hand Weapons
 a - a +2 hand axe
 g - a +1 hand axe of electrocution (weapon)
 v - a +0 war axe of chopping
Armour
 b - a +0 leather armour
 d - a +2 cloak (worn)
 e - a +0 ring mail
 o - a +0 chain mail (worn)
 q - a +1 pair of gloves of dexterity (worn)
Wands
 k - a wand of random effects (14)
Scrolls
 f - 6 scrolls of remove curse
 h - 4 scrolls of teleportation
 i - 6 scrolls of identify
 n - a scroll of magic mapping
 p - 2 scrolls of enchant weapon
 r - a scroll of fog
 s - a scroll of amnesia
Potions
 j - 3 potions of flight
 l - a potion of curing
 m - a potion of heal wounds
Comestibles
 c - 11 rations


   Skills:
 + Level 8.1(6.9) Fighting
 - Level 1.7(0.7) Axes
 + Level 5.5(4.4) Armour
 - Level 0.8(0.0) Dodging
 - Level 9.0(7.8) Invocations
 - Level 6.5(5.3) Evocations


You had 8 spell levels left.
You didn't know any spells.
Your spell library was empty.

Dungeon Overview and Level Annotations

Branches:
Dungeon (7/15)             Temple (0/1) D:7

Altars:
Qazlal
Uskayaw
Vehumet
Yredelemnul

Shops:
D:6 ?

Annotations:
D:7 2 transporters, Ticrerap's ghost, novice GrFi


Innate Abilities, Weirdness & Mutations

You have large cloven feet.
A weak demonic guardian rushes to your aid.
Your flesh is heat resistant. (rF+)
Your movements are less encumbered by armour. (ER -4)
Your body sometimes deteriorates upon taking damage.
You are somewhat resistant to further mutation.
Your muscles are strong. (Str +2)


Message History

The wight hits you with an enchanted halberd.
* * * LOW HITPOINT WARNING * * *
You feel drained.
* * * LOW HITPOINT WARNING * * *
You barely miss the wight. You kick the wight, but do no damage.
The wight is severely damaged.
The wight barely misses you.
Your chain mail prevents you from hitting the wight.
You kick the wight, but do no damage.
The wight is severely damaged.
The wight hits you with an enchanted halberd.
* * * LOW HITPOINT WARNING * * *
You feel drained.
Unknown command.
You hit the wight but do no damage.
The wight is severely damaged.
The wight hits you with an enchanted halberd.
* * * LOW HITPOINT WARNING * * *
You feel drained.
You die...

.......Wn#..#...#.....# ....#.#
##########..#...##....# y...#..
...©.....)......##....# Z..####
#...............####..#
#.#.#.#####.....# ##5#
..<.#.......#...# #.#
###.#######.#...# #.###
#.#######.##.######)..#########
###.........##..@z....#..........
....#######.#########...#########
.888# #.################# ....#
#.................##### 888.#
#.####..#########...... ....#
#.#..##'## ######. .888#
#.#.##.).# ### #. ....#
#.†.##...# .$# #[ 888.#
##..##...## ZS.# #.


You could see a wight.

Vanquished Creatures
  2 hornets (D:7)
  A yak (D:7)
  Sigmund (D:5)
  A human (D:7)
  3 hogs (D:7)
  A sky beast (D:6)
  A black bear (D:6)
  A phantom (D:7)
  2 ogres
  A centaur (D:7)
  A big kobold (D:7)
  2 bullfrogs (D:7)
  A scorpion (D:7)
  A howler monkey (D:4)
  A crimson imp (D:5)
  A centaur zombie (D:6)
  4 hounds
  A jelly (D:7)
  An orc priest (D:7)
  2 centaur skeletons (D:7)
  An orc wizard (D:6)
  Jessica (D:2)
  4 bullfrog skeletons
  Natasha (thrice) (D:2)
  2 iguanas
  4 worker ants
  2 hound skeletons
  8 adders
  A shadow imp (D:6)
  2 oozes (D:2)
  An adder skeleton (D:5)
  3 worms (D:2)
  6 dart slugs
  6 leopard geckos
  15 orcs
  A ball python (D:1)
  7 bats
  6 giant cockroaches
  7 goblins
  8 hobgoblins
  12 jackals
  5 quokkas
  5 frilled lizards
  5 kobolds
  2 leopard gecko skeletons
  9 rats
155 creatures vanquished.

Vanquished Creatures (collateral kills)
  Grinder (D:3)
  A sky beast (D:5)
  An ogre (D:4)
  A bullfrog (D:7)
  A scorpion (D:7)
  A jelly (D:7)
  A worker ant (D:7)
  An orc (D:7)
  A jackal (D:2)
  A leopard gecko skeleton (D:7)
10 creatures vanquished.

Grand Total: 165 creatures vanquished

Notes
Turn   | Place    | Note
-------+----------+-------------------------------------------
     0 | Abyss:1  | tyranidshit the Demonspawn Abyssal Knight began the quest for the Orb.
     0 | Abyss:1  | Reached XP level 1. HP: 18/18 MP: 2/2
    21 | Abyss:2  | Found a blossoming altar of Fedhas.
    29 | Abyss:2  | Found a blossoming altar of Fedhas.
    60 | Abyss:2  | Noticed a necromancer
    66 | D:1      | Escaped the Abyss
   170 | D:1      | Reached * piety under Lugonu
   170 | D:1      | Gained mutation: You have large cloven feet. [demonic ancestry]
   170 | D:1      | Reached XP level 2. HP: 8/24 MP: 3/3
   747 | D:2      | Gained mutation: A weak demonic guardian rushes to your aid. [demonic ancestry]
   747 | D:2      | Reached XP level 3. HP: 29/30 MP: 4/4
  1008 | D:2      | Gained mutation: Your movements are slightly less encumbered by armour. (ER -2) [demonic ancestry]
  1008 | D:2      | Reached XP level 4. HP: 38/38 MP: 5/5
  1008 | D:2      | Reached skill level 5 in Fighting
  1020 | D:2      | Reached ** piety under Lugonu
  1075 | D:2      | Noticed Natasha
  1088 | D:2      | Killed Natasha
  1097 | D:2      | Noticed Jessica
  1109 | D:2      | Killed Jessica
  1162 | D:2      | Reached XP level 5. HP: 30/46 MP: 6/6
  1262 | D:2      | Found a stormy altar of Qazlal.
  1299 | D:2      | Noticed Natasha
  1306 | D:2      | Killed Natasha
  1310 | D:2      | Noticed Natasha
  1314 | D:2      | Killed Natasha
  1687 | D:3      | Gained mutation: Your body sometimes deteriorates upon taking damage. [potion of mutation]
  1687 | D:3      | Gained mutation: You are somewhat resistant to further mutation. [potion of mutation]
  1687 | D:3      | Gained mutation: Your muscles are strong. (Str +2) [potion of mutation]
  1892 | D:3      | Noticed Grinder
  1995 | D:3      | HP: 1/46 [Grinder (4)]
  2026 | D:3      | Killed Grinder
  2026 | D:3      | Gained mutation: Your movements are less encumbered by armour. (ER -4) [demonic ancestry]
  2026 | D:3      | Reached XP level 6. HP: 14/52 MP: 7/7
  2630 | D:4      | Found a basalt altar of Yredelemnul.
  2655 | D:4      | Reached *** piety under Lugonu
  2678 | D:4      | Gained mutation: Your flesh is heat resistant. (rF+) [demonic ancestry]
  2678 | D:4      | Reached XP level 7. HP: 50/59 MP: 8/8
  3234 | D:5      | Entered Level 5 of the Dungeon
  3352 | D:5      | Noticed Sigmund
  3398 | D:5      | HP: 3/60 [Sigmund/scythe (7)]
  3399 | D:5      | Killed Sigmund
  3399 | D:5      | Reached skill level 3 in Invocations
  3586 | D:5      | Found a hide-covered altar of Uskayaw.
  3627 | D:5      | Reached skill level 4 in Invocations
  3953 | D:5      | Found a radiant altar of Vehumet.
  4103 | D:5      | Reached skill level 5 in Invocations
  4103 | D:5      | Reached XP level 8. HP: 66/67 MP: 11/11
  4356 | D:6      | Found Sathrergha's Magic Scroll Shop.
  4367 | D:6      | Bought a scroll of enchant armour for 90 gold pieces
  4517 | D:6      | Reached skill level 6 in Invocations
  5006 | D:7      | Found a staircase to the Ecumenical Temple.
  5021 | D:6      | Reached skill level 7 in Invocations
  5046 | D:7      | Reached skill level 5 in Evocations
  5234 | D:7      | Reached skill level 8 in Invocations
  5247 | D:7      | Found a transporter.
  5265 | D:7      | Found a transporter.
  5266 | D:7      | Noticed Ticrerap's ghost (novice GrFi)
  5322 | D:7      | Noticed a brown ugly thing
  5425 | D:7      | Reached XP level 9. HP: 53/72 MP: 15/15
  5437 | D:7      | Reached **** piety under Lugonu
  5442 | D:7      | Reached skill level 9 in Invocations
  5563 | D:7      | Paralysed by a hornet for 1 turns
  5566 | D:7      | Paralysed by a hornet for 1 turns
  5567 | D:7      | Reached skill level 5 in Armour
  5887 | D:7      | HP: 3/74 [wight/enchanted halberd (6)]
  5887 | D:7      | Slain by a wight

Skill      XL: |  1  2  3  4  5  6  7  8  9 |
---------------+----------------------------+-----
Fighting       | 4 5 6 7 8 |  8.1
Armour         | 4 5 |  5.5
Invocations    | 5 8 9 |  9.0
Evocations     | 3 6 |  6.5
Axes           | |  1.7
Dodging        | |  0.8

Action                   |  1- 3 |  4- 6 |  7- 9 || total
-------------------------+-------+-------+-------++-------
Melee: Hand axe          |    86 |   148 |   275 ||   509
       Kick              |     8 |    21 |    85 ||   114
Invok: Depart the Abyss  |     1 |       |       ||     1
Evoke: Wand              |       |       |     3 ||     3
  Use: Scroll            |     3 |     2 |     8 ||    13
       Potion            |     2 |     4 |     1 ||     7
 Stab: Distracted        |       |       |     2 ||     2
  Eat: Ration            |       |     1 |     3 ||     4
       Chunk             |       |     3 |       ||     3
Armor: Leather armour    |    30 |       |       ||    30
       Ring mail         |     9 |    72 |    20 ||   101
       Chain mail        |       |       |   128 ||   128
Dodge: Dodged            |    66 |    98 |   143 ||   307
